 Seeded DCSS version 0.28-a0-991-g956f0ee3d5 (webtiles) character file.

Game seed: 20211205 (custom seed)

903 a11behringer the Slasher (level 8, 0/61 HPs)
             Began as a Formicid Fighter on Dec 5, 2021.
             Succumbed to a water moccasin's poison
             ... on level 6 of the Dungeon.
             The game lasted 00:17:00 (6339 turns).

a11behringer the Slasher (Formicid Fighter)         Turns: 6339, Time: 00:17:01

Health: 0/61       AC: 10    Str: 28    XL:     8   Next: 29%
Magic:  8/8        EV:  9    Int:  9    God:
Gold:   379        SH:  5    Dex: 10    Spells: 7/7 levels left

rFire   . . .      SeeInvis +   a - +0 long sword
rCold   . . .      Faith    .   c - +0 buckler
rNeg    . . .      Spirit   .   g - +0 chain mail
rPois   .          Reflect  .   (helmet unavailable)
rElec   .          Harm     .   (no cloak)
rCorr   .          Rampage  .   (no gloves)
Will    .....                   (no boots)
Stlth   ..........              r - amulet of magic regeneration
HPRegen 0.20/turn               t - +6 ring of strength
MPRegen 0.51/turn               (no ring)

@: lethally poisoned (0 -> -17)
A: permanent stasis, dig shafts and tunnels, antennae 3, four strong arms
a: Dig, Shaft Self


You were on level 6 of the Dungeon.
You visited 1 branch of the dungeon, and saw 6 of its levels.
You also visited: Sewer.

You collected 379 gold pieces.

Inventory:

Hand Weapons
 a - a +0 long sword (weapon)
 e - a +2 vampiric whip
Missiles
 k - 58 sling bullets
Armour
 b - a +0 scale mail
 c - a +0 buckler (worn)
 g - a +0 chain mail (worn)
Jewellery
 r - an amulet of magic regeneration (around neck)
 t - a +6 ring of strength (left hand)
Wands
 s - a wand of polymorph (8)
 u - a wand of flame (17)
Scrolls
 i - 3 scrolls of teleportation
 l - 2 scrolls of noise
 v - a scroll of vulnerability {unknown}
 w - 3 scrolls of identify
Potions
 d - a potion of brilliance {unknown}
 f - a potion of experience {unknown}
 h - 5 potions of cancellation
 j - a potion of mutation
 m - a potion of magic {unknown}
 n - 2 potions of flight
 o - 2 potions of invisibility {unknown}
 p - 3 potions of haste
 q - a potion of heal wounds {unknown}


   Skills:
 + Level 4.6 Fighting
 * Level 6.5 Long Blades
 + Level 5.7 Armour
 - Level 0.7 Dodging
 + Level 5.3 Shields


You had 7 spell levels left.
You didn't know any spells.
Your spell library contained the following spells:

 Spells                   Type           Power      Damage    Failure   Level
 Ensorcelled Hibernation  Hex/Ice        0%         N/A       97%         2
 Portal Projectile        Hex/Tloc       0%         N/A       99%         3
 Spider Form              Tmut/Pois      0%         N/A       99%         3
 Blade Hands              Tmut           0%         N/A       100%        5
 Excruciating Wounds      Necr           0%         N/A       100%        5


Dungeon Overview and Level Annotations

Branches:
Dungeon (6/15)             Temple (0/1) D:6           Sewer (visited)

Altars:
Ru

Shops:
D:1 !   D:5 (


Innate Abilities, Weirdness & Mutations

You cannot be hasted, slowed, berserked, paralysed or teleported.
You can dig through walls and to a lower floor.
You have a pair of large antennae on your head. (SInv)
Your four strong arms can wield two-handed weapons with a shield.


Message History

The water moccasin barely misses you.
The water moccasin bites you but does no damage.
You barely miss the water moccasin.
You feel very sick.
The water moccasin bites you but does no damage.
You barely miss the water moccasin.
You feel very sick. The water moccasin barely misses you.
The water moccasin bites you but does no damage.
You miss the water moccasin.
You feel very sick. You block the water moccasin's attack.
You closely miss the water moccasin.
You feel sick. You block the water moccasin's attack.
The water moccasin bites you!
You are more poisoned.
The water moccasin poisons you!
You closely miss the water moccasin.
You feel very sick. The water moccasin bites you.
You are too injured to fight recklessly!
You are too injured to fight recklessly!
You are too injured to fight recklessly!
You are too injured to fight recklessly!
You are too injured to fight recklessly!
You miss the water moccasin.
You feel very sick.
The water moccasin bites you but does no damage. x2
You closely miss the water moccasin.
You feel very sick. The water moccasin bites you.
* * * LOW HITPOINT WARNING * * *
You slash the water moccasin!
The water moccasin is heavily wounded.
You feel sick. The water moccasin bites you.
* * * LOW HITPOINT WARNING * * *
You are more poisoned.
The water moccasin poisons you! The water moccasin barely misses you.
You closely miss the water moccasin.
The water moccasin is heavily wounded.
You die...

...#
+####+################
#...#.............. #
#...'.............. #
#...#..............
#.<.#..............
######...#..............
#...##...#.......##+#
.........+...###@#
#........#...#...S.#
#........#...#.⌠.⌠.#
.........#...+..>..+
.........#...#.⌠.⌠.#
##########...#.....#
###+###


You could see a water moccasin.

Vanquished Creatures
  Eustachio (D:5)
  3 kobold brigands (Sewer)
  Blork the orc (D:4)
  A gnoll sergeant (D:5)
  2 water moccasin skeletons
  A centaur zombie (D:5)
  A jelly (D:5)
  An iguana (D:3)
  2 hound skeletons (D:4)
  3 gnolls (D:5)
  7 adders
  2 worms
  2 dart slugs
  7 orcs
  3 bats
  6 endoplasms
  9 giant cockroaches
  4 goblins
  10 hobgoblins
  7 jackals (D:1)
  7 quokkas
  11 ball pythons
  2 frilled lizards
  19 kobolds
  5 rats
117 creatures vanquished.

Notes
Turn   | Place    | Note
-------+----------+-------------------------------------------
     0 | D:1      | a11behringer the Formicid Fighter began the quest for the
                  | Orb.
     0 | D:1      | Reached XP level 1. HP: 18/18 MP: 1/1
   173 | D:1      | Reached XP level 2. HP: 23/24 MP: 2/2
   710 | D:1      | Reached XP level 3. HP: 23/29 MP: 3/3
   796 | D:1      | Found a faded altar of an unknown god.
   934 | D:1      | Found Gubreqen's Distillery.
   960 | D:1      | Reached skill level 3 in Long Blades
  2341 | D:3      | Reached XP level 4. HP: 22/35 MP: 4/4
  2670 | D:3      | Reached XP level 5. HP: 30/42 MP: 5/5
  3209 | D:4      | Reached skill level 4 in Long Blades
  3361 | D:4      | Noticed Blork the orc
  3371 | D:4      | Killed Blork the orc
  3372 | D:4      | Reached XP level 6. HP: 25/48 MP: 6/6
  3715 | D:4      | Found a glowing drain.
  3738 | Sewer    | Entered a sewer
  4019 | Sewer    | Reached skill level 5 in Long Blades
  4019 | Sewer    | Reached XP level 7. HP: 17/54 MP: 7/7
  4959 | D:5      | Entered Level 5 of the Dungeon
  5143 | D:5      | Reached skill level 5 in Armour
  5256 | D:5      | Reached skill level 5 in Shields
  5293 | D:5      | Found Seibow's Weapon Shoppe.
  5579 | D:6      | Found a sacrificial altar of Ru.
  5651 | D:5      | Reached skill level 6 in Long Blades
  5669 | D:5      | Noticed Eustachio
  5693 | D:5      | Killed Eustachio
  5694 | D:5      | Reached XP level 8. HP: 40/61 MP: 8/8
  6325 | D:6      | Found a staircase to the Ecumenical Temple.
  6339 | D:6      | Succumbed to a water moccasin's poison

Illustrated notes

Levels and vault maps discovered:
D:1:      lightli_iron_boxes, layout_basic,
          hellmonk_ecumenical_altar_slurped_away, serial_shops,
          nicolae_shop_waterfront, chequers_serial_rivers_large_a,
          patterned_corridor
D:2:      layout_loops_cross, minmay_hedge_maze, chequers_jeans,
          grunt_decor_clamped
D:3:      layout_basic
D:4:      layout_basic, portal_sewer_entry_f, uniq_blork_the_orc
D:5:      layout_rooms, serial_shops, shop, lemuel_another_geyser,
          uniq_eustachio
D:6:      layout_gridville, amcnicky_altar_gilded, minmay_temple_entry_hall

Skill      XL: |  1  2  3  4  5  6  7 |
---------------+----------------------+-----
Shields        | 4 5 |  5.3
Long Blades    | 3 4 5 6 |  6.5
Armour         | 4 5 |  5.7
Fighting       | 4 |  4.6
Dodging        | |  0.7

Action                   |  1- 3 |  4- 6 |  7- 9 || total
-------------------------+-------+-------+-------++-------
Melee: Long sword        |   105 |   195 |   129 ||   429
 Abil: Dig               |     3 |       |     2 ||     5
  Use: Scroll            |       |     6 |     1 ||     7
       Potion            |       |     1 |     3 ||     4
Armor: Scale mail        |    17 |       |       ||    17
       Chain mail        |    35 |   129 |   134 ||   298
Dodge: Dodged            |    40 |    89 |   110 ||   239
Block: Buckler           |    21 |    48 |    62 ||   131

Table legend: (Time is in decaauts)
 A = Elapsed time spent in this place.
 B = Non-inter-level travel time spent in this place.
 C = Inter-level travel time spent in this place.
 D = Time resting spent in this place.
 E = Time spent auto-exploring this place.
 F = Levels seen in this place.
 G = Mean time per level.
                   A        B        C        D        E       F      G
               +--------+--------+--------+--------+--------+-----+--------+
         Total |   6464 |   5860 |    604 |    229 |   4591 |   7 |  923.4 |
       Dungeon |   5581 |   4977 |    604 |      0 |   4147 |   6 |  930.2 |
         Sewer |    882 |    882 |      0 |    229 |    443 |   1 |  882.0 |
               +--------+--------+--------+--------+--------+-----+--------+

Top non-repeatable levels by time:
     D:1: 1590 daAuts
     D:5: 1156 daAuts
     D:4: 936 daAuts
     D:3: 894 daAuts
   Sewer: 882 daAuts
     D:2: 767 daAuts
     D:6: 237 daAuts
